 Dungeon Crawl Stone Soup version 0.30-a0-393-g54b8e3be05 (webtiles) character file.

Game seed: 5086439824898356216

116 bande the Covered (level 5, -2/33 HPs)
             Began as a Gargoyle Fighter on Dec 6, 2022.
             Slain by an ogre
             ... wielding a +0 giant spiked club
              (27 damage)
             ... on level 3 of the Dungeon.
             The game lasted 00:02:20 (1885 turns).

bande the Covered (Gargoyle Fighter)                Turns: 1885, Time: 00:02:20

Health: -2/33      AC: 11    Str: 20    XL:     5   Next: 0%
Magic:  5/5        EV:  8    Int:  8    God:
Gold:   180        SH:  8    Dex: 11    Spells: 4/4 levels left

rFire   . . .      SeeInvis .    a - +0 war axe
rCold   . . .      Faith    .    o - +0 kite shield
rNeg    + . .      Spirit   .    b - +0 scale mail
rPois   ∞          Reflect  .    (no helmet)
rElec   +          Harm     .    (no cloak)
rCorr   .          Rampage  .    (no gloves)
Will    .....                    (no boots)
Stlth   ..........               (no amulet)
HPRegen 0.25/turn                (no ring)
MPRegen 0.09/turn                (no ring)

@: no status effects
A: sickness immunity, AC +4, negative energy resistance 1, electricity
resistance, torment resistance 1, petrification resistance
a: no special abilities


You were on level 3 of the Dungeon.
You visited 1 branch of the dungeon, and saw 3 of its levels.

You collected 180 gold pieces.

Inventory:

Hand Weapons
 a - a +0 war axe (weapon)
Armour
 b - a +0 scale mail (worn)
 o - a +0 kite shield (worn)
Jewellery
 e - a ring of magical power
Scrolls
 g - a scroll of magic mapping {unknown}
 i - 3 scrolls of butterflies {unknown}
 j - 2 scrolls of identify {unknown}
 k - 3 scrolls of noise {unknown}
 l - a scroll of amnesia {unknown}
 n - a scroll of blinking {unknown}
Potions
 c - a potion of cancellation {unknown}
 d - a potion of might
 f - a potion of invisibility {unknown}
 h - 3 potions of heal wounds {unknown}
 m - a potion of attraction {unknown}
 p - 2 potions of curing {unknown}
 q - a potion of haste {unknown}
 r - a potion of flight {unknown}


   Skills:
 + Level 3.8 Fighting
 + Level 3.5 Axes
 + Level 4.0 Armour
 + Level 3.6 Shields


You had 4 spell levels left.
You didn't know any spells.
Your spell library contained the following spells:

 Spells                   Type           Power      Damage    Failure   Level
 Apportation              Tloc           0%         N/A       98%         1
 Alistair's Intoxication  Tmut/Pois      0%         N/A       100%        5


Dungeon Overview and Level Annotations

Branches:
Dungeon (3/15)

Altars:


Innate Abilities, Weirdness & Mutations

You are immune to sickness and miasma.
Your stone body is resilient. (AC +4)
You are immune to poison.
You resist negative energy. (rN+)
You are resistant to electric shocks. (rElec)
You are resistant to unholy torment.
You are immune to petrification.


Message History

You hit the worm.
The worm is severely wounded.
The worm bites you.
You slash the worm!
You kill the worm!
No target in view!
No target in view!
No target in view!
You see here a worm corpse.
r - a brown potion You open the door.
Natasha, Servant of Life and Death comes into view.
Natasha hisses angrily.
Found 8 stones.
Found an escape hatch in the ceiling.
There is an open door here.
You slash Natasha!
Natasha is severely wounded.
You block Natasha's attack. Natasha casts a spell at you.
The magic dart hits you but does no damage.
You slash Natasha!
You kill Natasha!
Natasha screams in pain as she dies!
Your Armour skill increases to level 4!
You have reached level 5!
As you open the door, it creaks loudly!
An ogre comes into view. It is wielding a +0 giant spiked club.
A hobgoblin comes into view.
There are monsters nearby!
Found a cloak and a chain mail.
The hobgoblin shouts!
There is an open door here.
You barely miss the ogre.
The ogre hits you with a +0 giant spiked club!
You hit the ogre.
The ogre is lightly wounded.
You completely miss the hobgoblin.
The ogre hits you with a +0 giant spiked club!!
Ouch! That really hurt!
You die...

.. #.# #.# ##+## #.#
##...## ..# ##.....## #
..## ##..<....## ...
...####(........###....#
......'.........@O......
...####.........#g#....#
..## ##†......##.# .##
.## ##.....## .# .#
##...## .# .# ##+## [#
.# ### #.# [# .#
##.###.# .#
.#####...##.####


You could see an ogre and a hobgoblin.

Vanquished Creatures
  Natasha (D:3)
  A gnoll (D:1)
  3 adders (D:2)
  A worm (D:3)
  A dart slug (D:2)
  5 bats
  3 endoplasms
  6 goblins
  5 hobgoblins
  2 jackals (D:1)
  5 quokkas
  4 ball pythons (D:1)
  A frilled lizard (D:1)
  5 kobolds
  5 rats
48 creatures vanquished.

Notes
Turn   | Place    | Note
-------+----------+-------------------------------------------
     0 | D:1      | bande the Gargoyle Fighter began the quest for the Orb.
     0 | D:1      | Reached XP level 1. HP: 14/14 MP: 1/1
   174 | D:1      | Reached XP level 2. HP: 18/19 MP: 2/2
   367 | D:1      | Reached XP level 3. HP: 13/23 MP: 3/3
   468 | D:1      | Found a faded altar of an unknown god.
  1171 | D:2      | Reached XP level 4. HP: 29/29 MP: 4/4
  1869 | D:3      | Noticed Natasha
  1873 | D:3      | Killed Natasha
  1874 | D:3      | Reached skill level 4 in Armour
  1874 | D:3      | Reached XP level 5. HP: 33/33 MP: 5/5
  1882 | D:3      | Noticed an ogre
  1885 | D:3      | Slain by an ogre

Illustrated notes

Levels and vault maps discovered:
D:1:      dpeg_arrival_round_c, layout_loops_corners, basic_ecumenical_altar,
          minmay_ruptured
D:2:      layout_basic
D:3:      layout_loops_corners, cheibriados_altar_1, mrwooster_statue_mirror,
          uniq_natasha

Skill      XL: |  1  2  3  4 |
---------------+-------------+-----
Axes           | 2 3 |  3.5
Armour         | 4 |  4.0
Fighting       | |  3.8
Shields        | |  3.6

Action                   |  1- 3 |  4- 6 || total
-------------------------+-------+-------++-------
Melee: War axe           |    87 |    54 ||   141
Armor: Scale mail        |    59 |    32 ||    91
Dodge: Dodged            |    43 |    16 ||    59
Block: Buckler           |    10 |       ||    10
       Kite shield       |    17 |    20 ||    37

Table legend: (Time is in decaauts)
 A = Elapsed time spent in this place.
 B = Non-inter-level travel time spent in this place.
 C = Inter-level travel time spent in this place.
 D = Time resting spent in this place.
 E = Time spent auto-exploring this place.
 F = Levels seen in this place.
 G = Mean time per level.
                   A        B        C        D        E       F      G
               +--------+--------+--------+--------+--------+-----+--------+
         Total |   1954 |   1934 |     20 |      0 |   1556 |   3 |  651.3 |
       Dungeon |   1954 |   1934 |     20 |      0 |   1556 |   3 |  651.3 |
               +--------+--------+--------+--------+--------+-----+--------+

Top non-repeatable levels by time:
     D:1: 985 daAuts
     D:2: 669 daAuts
     D:3: 299 daAuts
